 Dungeon Crawl Stone Soup version 0.31-a0-744-gbc345e7fcb (console) character file.

Game seed: 17739162563797935196

12728 jejorda2 the Cleaver (level 11, -3/133 HPs)
             Began as a Gnoll Berserker on Sept 13, 2023.
             Was an Elder of Trog.
             Slain by a freezing wraith (7 damage)
             ... led by a death knight
             ... on level 11 of the Dungeon.
             The game lasted 00:20:25 (9820 turns).

jejorda2 the Cleaver (Gnoll Berserker)              Turns: 9820, Time: 00:20:26

Health: -3/133     AC: 19    Str: 21    XL:     11   Next: 97%
Magic:  21/21      EV: 11    Int:  7    God:    Trog [****..]
Gold:   1314       SH:  0    Dex: 11    Spells: 23/23 levels left

rFire   + . .        a - +3 battleaxe (flame)
rCold   . . .        (shield currently unavailable)
rNeg    . . .        m - +2 chain mail {rF+}
rPois   .            i - +2 helmet
rElec   .            (no cloak)
rCorr   .            (no gloves)
SInv    .            c - +2 pair of boots
Will    +....        r - amulet of faith Stlth
                     h - ring of willpower
HPRegen 1.42/turn    k - +4 ring of slaying
MPRegen 0.17/turn

%: faith
@: berserking, weak-willed, strong-willed, regenerating, very quick
A: fangs 1, strong nose, distributed training
a: Renounce Religion, Berserk, Trog's Hand, Brothers in Arms


You were on level 11 of the Dungeon.
You worshipped Trog.
Trog was greatly pleased with you.
You visited 1 branch of the dungeon, and saw 11 of its levels.

You collected 1551 gold pieces.
You spent 237 gold pieces at shops.

Inventory:

Hand Weapons
 a - a +3 battleaxe of flaming (weapon)
 d - a +0 battleaxe
Missiles
 f - 8 boomerangs
 D - 9 curare-tipped darts
 E - 12 poisoned darts (quivered)
Armour
 c - a +2 pair of boots (worn)
 i - a +2 helmet (worn)
 m - a +2 chain mail of fire resistance (worn)
Jewellery
 h - a ring of willpower (left hand)
 k - a +4 ring of slaying (right hand)
 r - an amulet of faith (around neck)
 z - a ring of ice
Wands
 b - a wand of acid (5)
 o - a wand of charming (15)
 w - a wand of flame (38)
 x - a wand of polymorph (7)
 H - a wand of roots (10)
Scrolls
 e - a scroll of revelation
 n - 4 scrolls of immolation
 p - 4 scrolls of teleportation
 q - a scroll of blinking
 y - a scroll of enchant armour
Potions
 g - 2 potions of heal wounds {unknown}
 j - 2 potions of mutation {unknown}
 l - 3 potions of enlightenment
 s - a potion of curing {unknown}
 t - a potion of might {unknown}
 u - a potion of attraction {unknown}
 v - a potion of haste {unknown}
 B - a potion of lignification {unknown}


   Skills:
 + Level 9.6 Fighting
 + Level 6.9 Short Blades
 + Level 6.9 Long Blades
 + Level 9.6 Axes
 + Level 6.9 Maces & Flails
 + Level 6.9 Polearms
 + Level 6.9 Staves
 + Level 6.9 Ranged Weapons
 + Level 6.9 Throwing
 + Level 8.4 Armour
 + Level 8.4 Dodging
 + Level 6.9 Stealth
 + Level 6.9 Shields
 + Level 6.9 Unarmed Combat
 + Level 6.9 Spellcasting
 + Level 5.7 Conjurations
 + Level 5.7 Hexes
 + Level 5.7 Summonings
 + Level 5.7 Necromancy
 + Level 5.7 Translocations
 + Level 5.7 Transmutations
 + Level 5.7 Fire Magic
 + Level 5.7 Ice Magic
 + Level 5.7 Air Magic
 + Level 5.7 Earth Magic
 + Level 5.7 Poison Magic
 + Level 7.6 Invocations
 + Level 6.9 Evocations
 + Level 6.3 Shapeshifting


You had 23 spell levels left.
You didn't know any spells.
Your spell library was empty.

Dungeon Overview and Level Annotations

Branches:
Dungeon (11/15)            Temple (0/1) D:5            Lair (0/5) D:10
    Orc: D:9-12

Altars:
Ashenzari
Gozag
Kikubaaqudgha
Makhleb
Ru
Trog
Wu Jian
The Shining One

Shops:
D:5 =(   D:6 (


Innate Abilities, Weirdness & Mutations

You have very sharp teeth.
Your uncanny sense of smell can sniff out nearby items.
Your experience applies equally to all skills.


Message History

The phantasmal warrior hits you but does no damage.
The freezing wraith hits you but does no damage.
The freezing wraith completely misses you.
A red film seems to cover your vision as you go berserk!
You feel yourself moving faster!
You feel mighty!
The phantasmal warrior hits you but does no damage.
The freezing wraith hits you but does no damage. x2
You slice the freezing wraith!! You burn the freezing wraith.
The freezing wraith is almost destroyed.
You slash the phantasmal warrior! You burn the phantasmal warrior.
You barely miss the freezing wraith.
The freezing wraith is almost destroyed.
You barely miss the phantasmal warrior. The phantasmal warrior hits you.
Your willpower is stripped away!
The freezing wraith hits you! The freezing wraith freezes you!!
The freezing wraith hits you but does no damage.
The death knight hits you but does no damage.
You barely miss the freezing wraith.
You bite the freezing wraith, but do no damage.
The freezing wraith is almost destroyed.
You hit the phantasmal warrior. You burn the phantasmal warrior.
The phantasmal warrior hits you!
* * * LOW HITPOINT WARNING * * *
The freezing wraith closely misses you. The freezing wraith hits you.
* * * LOW HITPOINT WARNING * * *
The death knight closely misses you.
You slash the freezing wraith! You burn the freezing wraith.
You destroy the freezing wraith!
Trog accepts your kill.
You hit the phantasmal warrior. You burn the phantasmal warrior.
The phantasmal warrior hits you!!
* * * LOW HITPOINT WARNING * * *
The death knight hits you but does no damage.
You see here 17 gold pieces.
You slice the death knight!! You burn the death knight.
The death knight is moderately wounded.
You slash the freezing wraith! You burn the freezing wraith.
The freezing wraith hits you but does no damage.
The freezing wraith hits you!
You die...

..! ∆ #..# ∆ #..# #..#
#..# #..############
##########..............
......W.................
......p@W...............
##########...###########
#...# #...# #...# ###
..... ∆... ....... ...
######## ###


You could see a death knight, a phantasmal warrior and a freezing wraith.

Vanquished Creatures
  Gastronok (D:11)
  Fannar (D:10)
  4 two-headed ogres
  Nergalle (D:10)
  Pikel (D:9)
  A cyclops (D:11)
  Joseph (D:9)
  A freezing wraith (D:11)
  A komodo dragon (D:10)
  A troll (D:7)
  Prince Ribbit (D:7)
  A wyvern (D:9)
  15 yaks
  A steam dragon (D:6)
  2 water moccasins (D:6)
  The ghost of javelincjr the Conjurer, an amateur OpCj (D:4)
  2 acid dragons
  2 ice beasts (D:6)
  An orc warrior (D:7)
  A sky beast (D:6)
  2 black bears (D:5)
  2 ogres (D:4)
  3 centaurs
  A lemure (D:9)
  2 kobold brigands (D:7)
  A gnoll sergeant (D:9)
  2 bullfrogs
  4 scorpions
  9 killer bees
  4 howler monkeys
  6 orc priests
  2 jellies
  Ijyb (D:3)
  4 hounds (D:5)
  3 sleepcaps
  5 iguanas
  10 orc wizards
  Robin (D:3)
  8 gnolls
  An adder (D:3)
  2 shadow imps
  2 worms
  2 dart slugs
  30 orcs
  12 endoplasms
  5 giant cockroaches
  14 goblins
  11 hobgoblins
  5 jackals
  2 quokkas
  7 ball pythons
  8 bats
  7 frilled lizards
  18 kobolds
  6 rats
242 creatures vanquished.

Notes
Turn   | Place    | Note
-------+----------+-------------------------------------------
     0 | D:1      | jejorda2 the Gnoll Berserker began the quest for the Orb.
     0 | D:1      | Reached XP level 1. HP: 23/23 MP: 1/1
    93 | D:1      | Reached XP level 2. HP: 29/29 MP: 2/2
   336 | D:1      | Reached XP level 3. HP: 35/35 MP: 3/3
   346 | D:1      | Found a faded altar of an unknown god.
   845 | D:2      | Reached skill level 1 in Invocations
  1042 | D:2      | You fall into a shaft and drop 1 floor!
  1052 | D:3      | Noticed Robin
  1062 | D:3      | Reached ** piety under Trog
  1068 | D:3      | Reached skill level 1 in Short Blades
  1068 | D:3      | Reached skill level 1 in Long Blades
  1068 | D:3      | Reached skill level 1 in Maces & Flails
  1068 | D:3      | Reached skill level 1 in Polearms
  1068 | D:3      | Reached skill level 1 in Staves
  1068 | D:3      | Reached skill level 1 in Ranged Weapons
  1068 | D:3      | Reached skill level 1 in Throwing
  1068 | D:3      | Reached skill level 1 in Stealth
  1068 | D:3      | Reached skill level 1 in Shields
  1068 | D:3      | Reached skill level 1 in Unarmed Combat
  1068 | D:3      | Reached skill level 1 in Spellcasting
  1068 | D:3      | Reached skill level 1 in Evocations
  1075 | D:3      | Killed Robin
  1076 | D:3      | Reached skill level 1 in Shapeshifting
  1076 | D:3      | Reached XP level 4. HP: 38/41 MP: 5/5
  1483 | D:3      | Reached skill level 1 in Conjurations
  1483 | D:3      | Reached skill level 1 in Hexes
  1483 | D:3      | Reached skill level 1 in Summonings
  1483 | D:3      | Reached skill level 1 in Necromancy
  1483 | D:3      | Reached skill level 1 in Translocations
  1483 | D:3      | Reached skill level 1 in Transmutations
  1483 | D:3      | Reached skill level 1 in Fire Magic
  1483 | D:3      | Reached skill level 1 in Ice Magic
  1483 | D:3      | Reached skill level 1 in Air Magic
  1483 | D:3      | Reached skill level 1 in Earth Magic
  1483 | D:3      | Reached skill level 1 in Poison Magic
  1561 | D:3      | Noticed Ijyb
  1574 | D:3      | Killed Ijyb
  1661 | D:3      | Reached XP level 5. HP: 47/47 MP: 5/7
  2468 | D:4      | Reached XP level 6. HP: 53/53 MP: 8/8
  2570 | D:4      | Found an ornate altar of the Wu Jian Council.
  2581 | D:4      | Reached skill level 5 in Armour
  2581 | D:4      | Reached skill level 5 in Dodging
  2658 | D:4      | Reached *** piety under Trog
  2930 | D:4      | Found a runed translucent door.
  3042 | D:4      | Noticed javelincjr's ghost (amateur OpCj)
  3181 | D:4      | Reached XP level 7. HP: 60/60 MP: 10/10
  3438 | D:4      | Killed javelincjr's ghost
  3488 | D:5      | Entered Level 5 of the Dungeon
  3783 | D:5      | Found an ancient bone altar of Kikubaaqudgha.
  3788 | D:5      | Found a staircase to the Ecumenical Temple.
  3789 | D:5      | Found Cihim's Jewellery Emporium.
  3802 | D:5      | Reached XP level 8. HP: 43/67 MP: 12/12
  3909 | D:5      | Found Redeilipp's Hydra Hut.
  3911 | D:5      | Noticed a five-headed hydra
  4009 | D:5      | Noticed a two-headed ogre
  4016 | D:5      | Killed a two-headed ogre
  4115 | D:5      | Reached XP level 9. HP: 34/73 MP: 14/14
  4428 | D:5      | Found a bloodstained altar of Trog.
  4461 | D:5      | Found a sacrificial altar of Ru.
  4462 | D:5      | Found a burning altar of Makhleb.
  4670 | D:6      | Found a glowing golden altar of the Shining One.
  4834 | D:6      | Found Xucwuiv's Weapon Shoppe.
  4871 | D:6      | Reached **** piety under Trog
  5000 | D:5      | Bought a +2 battleaxe of flaming for 237 gold pieces
  5301 | D:6      | Identified the +0 pair of gloves "Zuecauzo" {Will- Str+4
                  | Stlth+}
  5488 | D:7      | Noticed Prince Ribbit
  5522 | D:7      | Reached skill level 5 in Invocations
  5527 | D:7      | Killed Prince Ribbit
  5818 | D:7      | Reached XP level 10. HP: 80/80 MP: 17/17
  5818 | D:7      | Found a broken altar of Ashenzari.
  5971 | D:7      | Noticed a two-headed ogre
  5972 | D:7      | Reached skill level 5 in Short Blades
  5972 | D:7      | Reached skill level 5 in Long Blades
  5972 | D:7      | Reached skill level 5 in Maces & Flails
  5972 | D:7      | Reached skill level 5 in Polearms
  5972 | D:7      | Reached skill level 5 in Staves
  5972 | D:7      | Reached skill level 5 in Ranged Weapons
  5972 | D:7      | Reached skill level 5 in Throwing
  5972 | D:7      | Reached skill level 5 in Stealth
  5972 | D:7      | Reached skill level 5 in Shields
  5972 | D:7      | Reached skill level 5 in Unarmed Combat
  5972 | D:7      | Reached skill level 5 in Spellcasting
  5972 | D:7      | Reached skill level 5 in Evocations
  5975 | D:7      | Killed a two-headed ogre
  7116 | D:8      | Reached skill level 5 in Shapeshifting
  7589 | D:9      | Noticed a two-headed ogre
  7596 | D:9      | Killed a two-headed ogre
  7862 | D:9      | Reached XP level 11. HP: 63/87 MP: 19/19
  7882 | D:9      | Reached skill level 5 in Conjurations
  7882 | D:9      | Reached skill level 5 in Hexes
  7882 | D:9      | Reached skill level 5 in Summonings
  7882 | D:9      | Reached skill level 5 in Necromancy
  7882 | D:9      | Reached skill level 5 in Translocations
  7882 | D:9      | Reached skill level 5 in Transmutations
  7882 | D:9      | Reached skill level 5 in Fire Magic
  7882 | D:9      | Reached skill level 5 in Ice Magic
  7882 | D:9      | Reached skill level 5 in Air Magic
  7882 | D:9      | Reached skill level 5 in Earth Magic
  7882 | D:9      | Reached skill level 5 in Poison Magic
  8012 | D:9      | Noticed a two-headed ogre
  8013 | D:9      | Noticed Joseph
  8018 | D:9      | Killed a two-headed ogre
  8022 | D:9      | Killed Joseph
  8183 | D:9      | Noticed Pikel
  8189 | D:9      | Killed Pikel
  8433 | D:10     | Entered Level 10 of the Dungeon
  8478 | D:10     | Found an opulent altar of Gozag.
  8522 | D:10     | Noticed Nergalle
  8533 | D:10     | Killed Nergalle
  8722 | D:10     | Found a staircase to the Lair.
  8887 | D:10     | Noticed Fannar
  8905 | D:10     | Killed Fannar
  9430 | D:11     | Noticed a cyclops
  9434 | D:11     | Killed a cyclops
  9608 | D:11     | Noticed Gastronok
  9639 | D:11     | Killed Gastronok
  9756 | D:11     | Identified a scroll of acquirement
  9756 | D:11     | Acquired 1051 gold pieces
  9809 | D:11     | Noticed a phantasmal warrior
  9811 | D:11     | Noticed a death knight
  9818 | D:11     | HP: 2/133 [phantasmal warrior[a death knight] (25)]
  9820 | D:11     | Slain by a freezing wraith

Illustrated notes

Levels and vault maps discovered:
D:1:      dpeg_arrival_arbitrary_b, layout_rooms,
          ebering_ecumenical_altar_petrified
D:2:      minmay_angry_zag, layout_basic
D:3:      layout_basic, uniq_robin, uniq_ijyb
D:4:      dreamdust_elfheim, layout_basic, mainiacjoe_overflow_alcove_4,
          ebering_ghost_reflecting_pool
D:5:      minmay_inner_zag, layout_cave_pools, lemuel_doored_altar,
          overflow_temple_1_default, mainiacjoe_overflow_divided_tiny,
          minmay_temple_entry_butterflies, serial_shops, shop,
          doesnt_shop_hydraphobe
D:6:      layout_cave_pools, overflow_temple_1_default, serial_shops, shop,
          mumra_transporter_accident, nicolae_the_louvre
D:7:      minmay_cornered_nines, layout_loops_ring, ashenzari_altar_1,
          uniq_prince_ribbit1
D:8:      layout_loops_corners
D:9:      layout_basic, uniq_joseph, uniq_pikel
D:10:     layout_irregular_city, mainiacjoe_overflow_brackets, lair_entry_dummy,
          uniq_nergalle, uniq_fannar
D:11:     layout_long_grid, erik_orc_1, worldfamousw_hep_ancestral_shrine,
          uniq_gastronok

Skill      XL: |  1  2  3  4  5  6  7  8  9 10 11 |
---------------+----------------------------------+-----
Invocations    | 1 2 3 4 5 6 7 |  7.6
Short Blades   | 1 2 3 4 5 6 |  6.9
Long Blades    | 1 2 3 4 5 6 |  6.9
Maces & Flails | 1 2 3 4 5 6 |  6.9
Polearms       | 1 2 3 4 5 6 |  6.9
Staves         | 1 2 3 4 5 6 |  6.9
Ranged Weapons | 1 2 3 4 5 6 |  6.9
Throwing       | 1 2 3 4 5 6 |  6.9
Stealth        | 1 2 3 4 5 6 |  6.9
Shields        | 1 2 3 4 5 6 |  6.9
Unarmed Combat | 1 2 3 4 5 6 |  6.9
Spellcasting   | 1 2 3 4 5 6 |  6.9
Evocations     | 1 2 3 4 5 6 |  6.9
Shapeshifting  | 1 2 3 4 5 6 |  6.3
Conjurations   | 1 2 3 4 5 |  5.7
Hexes          | 1 2 3 4 5 |  5.7
Summonings     | 1 2 3 4 5 |  5.7
Necromancy     | 1 2 3 4 5 |  5.7
Translocations | 1 2 3 4 5 |  5.7
Transmutations | 1 2 3 4 5 |  5.7
Fire Magic     | 1 2 3 4 5 |  5.7
Ice Magic      | 1 2 3 4 5 |  5.7
Air Magic      | 1 2 3 4 5 |  5.7
Earth Magic    | 1 2 3 4 5 |  5.7
Poison Magic   | 1 2 3 4 5 |  5.7
Armour         | 5 6 7 8 |  8.4
Dodging        | 5 6 7 8 |  8.4
Fighting       | 7 8 9 |  9.6
Axes           | 7 8 9 |  9.6

Action                     |  1- 3 |  4- 6 |  7- 9 | 10-12 || total
---------------------------+-------+-------+-------+-------++-------
  Melee: Hand axe          |    89 |   166 |    10 |       ||   265
         Bite              |     8 |    22 |    13 |    21 ||    64
         Punch             |     1 |       |     2 |       ||     3
         War axe           |       |       |    74 |       ||    74
         Battleaxe         |       |       |    94 |   198 ||   292
  Throw: Dart              |       |       |       |     4 ||     4
 Invoke: Berserk           |     2 |     4 |     3 |     9 ||    18
         Trog's Hand       |       |     2 |       |     4 ||     6
Ability: Begin Untransform |       |       |     1 |       ||     1
    Use: Scroll            |       |       |    14 |     4 ||    18
 Armour: Ring mail         |    41 |    24 |       |       ||    65
         Chain mail        |       |    73 |   144 |   184 ||   401
         Plate armour      |       |       |    14 |       ||    14
  Dodge: Dodged            |    41 |    61 |    86 |    95 ||   283
   Form: Beast             |       |       |     1 |       ||     1

Table legend: (Time is in decaauts)
 A = Elapsed time spent in this place.
 B = Non-inter-level travel time spent in this place.
 C = Inter-level travel time spent in this place.
 D = Time resting spent in this place.
 E = Time spent auto-exploring this place.
 F = Levels seen in this place.
 G = Mean time per level.
                   A        B        C        D        E       F      G
               +--------+--------+--------+--------+--------+-----+--------+
         Total |  10058 |   9583 |    475 |   1447 |   6445 |  11 |  914.4 |
       Dungeon |  10058 |   9583 |    475 |   1447 |   6445 |  11 |  914.4 |
               +--------+--------+--------+--------+--------+-----+--------+

Top non-repeatable levels by time:
     D:5: 1319 daAuts
     D:4: 1086 daAuts
     D:7: 1066 daAuts
     D:8: 1039 daAuts
    D:10: 998 daAuts
     D:9: 937 daAuts
     D:3: 926 daAuts
     D:1: 792 daAuts
     D:2: 746 daAuts
     D:6: 725 daAuts
    D:11: 419 daAuts
